Cogmind - Beta 15 @@@ ROGUE MODE // 2025.05.31 @ 00:04:02 Player: Duduxx Result: Destroyed by G-47 Trooper with Particle Gun Performance ------------- Evolutions (3) 1500 Regions Visited (6) 1200 Robots Destroyed (119) 595 Value Destroyed (3654) 3654 Prototype IDs (5) 100 Alien Tech Used (0) 0 Bonus (66) 66 TOTAL SCORE: 7115 Bonus ------- High Alert Combat Kills 66 Cogmind --------- Core Integrity 0/700 Matter 229/300 Energy 160/160 System Corruption 17% Temperature Cool (54) Movement Rolling (100) Location -7/Storage Parts ------- > --- POWER (1) -------- Light Nuclear Core > --- PROPULSION (3) --- Armored Huge Wheel > --- UTILITY (7) ------ Coolant Injector Medium Storage Unit Propulsion Shielding > --- WEAPON (2) ------- Mini Assault Cannon Mini Assault Cannon > --- INVENTORY (10) --- Light Nuclear Core Improved Deuterium Engine Remote Datajack Remote Datajack Power Maul Peak State ------------ > --- POWER ------------ Deuterium Engine > --- PROPULSION ------- Compact Wheel Armored Huge Wheel > --- UTILITY ---------- Improved Heat Sink Coolant Injector Coolant Injector Large Storage Unit Advanced Targeting Computer Improved Medium Armor Plating Hacking Suite > --- WEAPON ----------- Precision Shock Rifle Particle Gun > --- INVENTORY -------- Nuclear Core Wheel Wheel Armored Huge Wheel Armored Huge Wheel Hacking Suite Field Laser Field Laser Field Laser EM Pulse Cannon EM Pulse Cannon Heavy Ion Cannon Scythe [Rating: 45] Favorites ----------- Power Improved Ion Engine Engine Improved Ion Engine Power Core Nuclear Core Propulsion Light Treads Treads Light Treads Leg Carbon-fiber Leg Wheel Wheel Utility Hacking Suite Device Coolant Injector Storage Large Storage Unit Processor Advanced Targeting Computer Hackware Hacking Suite Protection Improved Light Armor Plating Weapon Pulse Rifle Energy Gun Pulse Rifle Energy Cannon Beam Cannon Ballistic Gun Assault Rifle Ballistic Cannon Mini Assault Cannon Slashing Weapon Axe Build | -11 -10 -10 -9 -8 -7 -7 ------- Run | Yrd Mat Min Mat Mat Fac Sto Slots Evolved 6 | . . . 2 2 2 . Power . | . . . . . . . Propulsion 1 | . . . . . 1 . Utility 5 | . . . 2 2 1 . Weapon . | . . . . . . . Parts Attached 80 | 8 . 2 15 23 19 13 Power 10 | 1 . 1 2 3 2 1 Engine 7 | 1 . 1 2 2 1 . Core 3 | . . . . 1 1 1 Reactor . | . . . . . . . Propulsion 21 | 3 . . 3 5 5 5 Treads 7 | 2 . . 3 1 . 1 Leg 2 | . . . . . . 2 Wheel 12 | 1 . . . 4 5 2 Hover . | . . . . . . . Flight . | . . . . . . . Utility 27 | 2 . . 5 8 7 5 Device 11 | 1 . . 2 4 3 1 Storage 4 | 1 . . 1 . 1 1 Processor 1 | . . . . 1 . . Hackware 3 | . . . 2 1 . . Protection 8 | . . . . 2 3 3 Artifact . | . . . . . . . Weapon 22 | 2 . 1 5 7 5 2 Energy Gun 13 | . . . 5 5 3 . Energy Cannon 3 | . . 1 . . 2 . Ballistic Gun 3 | 2 . . . 1 . . Ballistic Cannon 2 | . . . . . . 2 Launcher . | . . . . . . . Special Weapon . | . . . . . . . Impact Weapon . | . . . . . . . Slashing Weapon 1 | . . . . 1 . . Piercing Weapon . | . . . . . . . Special Melee Weapon . | . . . . . . . Unidentified Prototypes 3 | . . . 1 . 1 1 Corrupted Parts 3 | . . . . 1 . 2 System Corruption 17 | . . . . 5 . 12 Parts Lost 53 | . . 1 2 22 12 16 Power 5 | . . 1 . 1 2 1 Propulsion 15 | . . . . 6 3 6 Utility 20 | . . . 1 7 4 8 Weapon 13 | . . . 1 8 3 1 Highest Loss Streak 7 | . . 1 1 7 4 6 To Critical Strikes 1 | . . . . 1 . . Average Backups 10 | 2 4 7 11 11 10 6 Power 1 | . 1 1 1 1 1 1 Propulsion 3 | 1 2 3 4 3 2 1 Utility 1 | . . . 1 3 1 . Weapon 3 | . 1 1 4 3 4 1 Tool/Special . | . . . . . . . Unused Backups 19 | . . 3 1 . 10 5 Power 6 | . . 2 . . 1 3 Propulsion . | . . . . . . . Utility 4 | . . . . . 4 . Weapon 7 | . . 1 1 . 4 1 Tool/Special 2 | . . . . . 1 1 Average Slot Usage (%) 91 | . 100 99 98 87 88 78 Engine 7 | . 14 14 11 5 5 . Core 1 | . . . . 3 1 7 Treads 13 | . 28 28 21 12 . 5 Wheel 5 | . . . . 4 16 3 Device 15 | . 14 14 14 5 21 22 Storage 9 | . 14 14 11 9 6 7 Processor 2 | . . . . 1 7 . Hackware 11 | . . . 16 23 7 . Protection 3 | . . . . 4 4 8 Energy Gun 11 | . . . 18 15 10 . Energy Cannon 2 | . . 9 2 . 3 . Ballistic Gun 2 | . 28 18 . . . . Ballistic Cannon 1 | . . . . . . 13 Peak Build Rating 45 | 9 9 10 23 34 45 42 Average Rating 26 | 5 9 9 20 25 39 35 On Entrance 16 | . 9 9 10 22 24 39 Naked Turns . | . . . . . . . Heaviest Build 49 | 14 14 16 35 38 49 36 Greatest Support 44 | 40 40 40 40 42 44 38 Greatest Overweight (x) 3 | . . . 1 3 1 2 Average Overweight (x) . | . . . . . . . Largest Inventory Capacity 15 | 8 8 8 15 15 15 10 Average Capacity 12 | 7 8 8 12 15 13 9 Most Carried 15 | 4 4 8 15 15 15 9 Average Carried 10 | 2 4 7 11 11 12 7 Final Capacity 15 | 8 8 8 15 15 8 10 Final Carried 14 | 4 4 8 14 7 6 5 Class Distribution -------------------- 38% | Hacker-Mutant 36% | Mutant 25% | Scavenger-Mutant Dominant Class ---------------- Mutant | -10/Materials Mutant | -10/Mines Hacker-Mutant | -9/Materials Hacker-Mutant | -8/Materials Mutant | -7/Factory Mutant | -7/Storage Resources | -11 -10 -10 -9 -8 -7 -7 ----------- Run | Yrd Mat Min Mat Mat Fac Sto Matter Collected 1723 | 289 . 100 218 331 194 591 Remotely . | . . . . . . . Salvage Created 4066 | 82 . 320 768 1381 877 638 Parts 228 | 5 . 15 58 68 47 35 Haulers Intercepted 3 | . . . 1 1 1 . Recyclers Shooed 1 | . . . . 1 . . Parts Field Recycled . | . . . . . . . Retrieved Matter . | . . . . . . . Parts Self-Destructed . | . . . . . . . Prevented . | . . . . . . . Kills | -11 -10 -10 -9 -8 -7 -7 ------- Run | Yrd Mat Min Mat Mat Fac Sto Combat Hostiles Destroyed 85 | . . 6 18 30 16 15 Guns 43 | . . 2 11 25 5 . Cannons 26 | . . 4 3 . 5 14 AOE 13 | . . . 4 4 4 1 Classes Destroyed 14 | 2 . 2 4 3 2 1 Worker 5 | . . . . 2 3 . Builder 2 | . . . . 1 . 1 Tunneler 2 | 1 . . 1 . . . Hauler 3 | . . . 1 1 1 . Recycler 7 | 1 . 2 . 2 1 1 Mechanic 1 | . . . . 1 . . Operator 6 | . . . 3 1 1 1 Watcher 8 | . . . 4 1 3 . Swarmer 24 | . . 3 8 9 4 . Grunt 42 | . . 3 6 20 5 8 Duelist 1 | . . . . . 1 . Sentry 13 | . . . 4 1 3 5 Hunter 1 | . . . . . . 1 Programmer 4 | . . . . . 3 1 Best Kill Streak 10 | 2 . 3 7 8 10 6 Combat Bots Only 7 | . . 2 7 6 6 5 Max Kills in Single Turn 5 | 1 . 1 4 3 5 2 Gunslinging . | . . . . . . . Exploded 3 | . . . 3 3 2 1 Melee . | . . . . . . . Uniques/NPCs Destroyed . | . . . . . . . Combat | -11 -10 -10 -9 -8 -7 -7 -------- Run | Yrd Mat Min Mat Mat Fac Sto Hostile Shots Fired 840 | . 13 33 64 204 241 285 Missed 307 | . 6 9 23 63 96 110 Hits 533 | . 7 24 41 141 145 175 Melee 2 | . . . . . 2 . Projectile 531 | . 7 24 41 141 143 175 AOE 2 | . . . . . . 2 Critical Strikes 14 | . . . 2 7 1 4 Damage Taken 7111 | . 99 263 609 2337 1825 1978 Core 1275 | . 13 29 99 434 288 412 Absorbed by Shields . | . . . . . . . Redirected to Shielding 47 | . . . . . . 47 Core Remaining (%) 69 | 100 . 83 75 21 . . Volleys Fired 289 | 7 . 20 47 100 66 49 Largest 2 | 2 . 2 2 2 2 2 Hottest 145 | 40 . 80 126 132 145 103 Shots Fired 529 | 14 . 40 86 156 133 100 Gun 344 | 14 . 30 68 156 76 . Cannon 185 | . . 10 18 . 57 100 Launcher . | . . . . . . . Special . | . . . . . . . Kinetic 158 | 14 . 30 . 22 . 92 Thermal 297 | . . 10 69 99 119 . Explosive . | . . . . . . . Electromagnetic 74 | . . . 17 35 14 8 Robot Hit Streak 22 | 10 . 11 10 11 22 15 Robot Miss Streak 6 | 2 . 4 6 6 5 6 Penetration Max . | . . . . . . . Secondary Targets 4 | . . . 3 1 . . Max Gunslinging Chain 1 | . . . 1 1 . . Shots Hit Robots 356 | 10 . 22 56 119 87 62 Core Hits 194 | 5 . 12 35 72 38 32 Critical Kills . | . . . . . . . Critical Parts Destroyed 1 | . . . . 1 . . Critical Strikes 13 | . . . 2 6 1 4 Burn 8 | . . . 2 5 1 . Destroy 1 | . . . . 1 . . Blast 3 | . . . . . . 3 Corrupt 1 | . . . . . . 1 Melee Attacks 4 | . . . . 4 . . Impact . | . . . . . . . Slashing 4 | . . . . 4 . . Piercing . | . . . . . . . Sneak Attacks 1 | . . . . 1 . . Combat Hostiles . | . . . . . . . Follow-up Attacks . | . . . . . . . Damage Inflicted 8687 | 108 . 344 1109 2496 2749 1881 Guns 3957 | 106 . 194 742 2078 837 . Cannons 2982 | . . 141 211 . 877 1753 Explosions 1639 | . . . 138 338 1035 128 Melee 75 | . . . . 75 . . Ramming 34 | 2 . 9 18 5 . . Kinetic 2179 | 106 . 194 . 307 . 1572 Thermal 4226 | . . 141 859 1550 1676 . Explosive 1002 | . . . . . 874 128 Electromagnetic 1171 | . . . 232 559 199 181 Impact . | . . . . . . . Slashing 75 | . . . . 75 . . Piercing . | . . . . . . . Highest Corruption 17 | . . . 1 9 4 17 Average Corruption 7 | . . . 1 8 3 13 Corruption Purged . | . . . . . . . Corruption Blocked . | . . . . . . . Effects 65 | . . . 2 21 17 25 Message Errors 15 | . . . . 6 3 6 Matter Fused 13 | . . . 2 4 3 4 Heat Flow Errors 4 | . . . . 2 1 1 Energy Discharges 9 | . . . . 2 2 5 Parts Rejected 2 | . . . . 1 . 1 Parts Fused 1 | . . . . 1 . . Data Loss (minor) 7 | . . . . . 4 3 Data Loss (major) 6 | . . . . 2 3 1 Misfires 5 | . . . . 2 1 2 Alerts 1 | . . . . . . 1 Misdirections 1 | . . . . . . 1 Weapon Failures 1 | . . . . 1 . . Overload Shots . | . . . . . . . Overflow Damage 198 | . . . 8 69 89 32 Projectiles 43 | . . . 8 . 3 32 Explosions 120 | . . . . 34 86 . Melee 35 | . . . . 35 . . Knockbacks 17 | . . . 1 1 . 15 Impact 2 | . . . 1 1 . . Kinetic 15 | . . . . . . 15 Secondary . | . . . . . . . Self-Inflicted Damage 371 | . . . 18 265 88 . Shots 7 | . . . 1 5 1 . Rammed 6 | 1 . 1 3 1 . . Targets Rammed 7 | 1 . 2 3 1 . . Kicked . | . . . . . . . Crushed 1 | . . 1 . . . . Highest Temperature 433 | . 4 72 78 433 197 160 Average Temperature 88 | . 4 23 19 138 97 39 Received Heat Transfer 2598 | . 60 102 186 972 498 780 Effects 4 | . . . . 4 . . Shutdowns 1 | . . . . 1 . . Energy Bleed 1 | . . . . 1 . . Damage (minor) 2 | . . . . 2 . . Siege Activations . | . . . . . . . Martial Activations . | . . . . . . . Shielding Activations . | . . . . . . . Robots Disrupted . | . . . . . . . Combat Hostiles . | . . . . . . . Robots Corrupted 2 | . . . . 1 1 . Combat Hostiles 2 | . . . . 1 1 . Parts Fried 3 | . . . . 2 . 1 Impact Corruptions . | . . . . . . . Robots Melted 1 | . . . . . 1 . Combat Hostiles 1 | . . . . . 1 . Parts Melted 9 | . . 1 1 2 5 . Heat Transferred 8897 | . . 296 1902 3397 3302 . Parts Sabotaged . | . . . . . . . Parts Stolen . | . . . . . . . Parts Stripped . | . . . . . . . Power Chain Reactions 10 | . . . 3 5 2 . Alert | -11 -10 -10 -9 -8 -7 -7 ------- Run | Yrd Mat Min Mat Mat Fac Sto Maximum Alert Level 2 | . . . . 2 2 1 Low Security (%) 80 | 100 100 100 100 49 76 65 Level 1 15 | . . . . 37 17 34 Level 2 3 | . . . . 13 5 . Level 3 . | . . . . . . . Level 4 . | . . . . . . . Level 5 . | . . . . . . . High Security . | . . . . . . . Max Security . | . . . . . . . Peak Influence 468 | 10 . 60 158 468 421 282 Initial 200 | . . . 2 48 200 174 Average 110 | . . 21 48 219 123 185 Influence Increases 2909 | 10 . 190 562 971 664 512 Destroy 0b10 Robot/C 1700 | . . 120 360 600 320 300 Destroy 0b10 Robot/NC 170 | 10 . 10 45 45 45 15 Destroy Leader 432 | . . 30 100 114 98 90 Successful Hack 5 | . . . 5 . . . Disable Machine 165 | . . . 15 30 60 60 Destroy Structure 137 | . . . 7 47 36 47 Partial Spotted 30 | . . . . 30 . . Lose Combat Pursuer 270 | . . 30 30 105 105 . Influence Decreases 2653 | 10 . 183 454 643 722 641 Entered New Map 526 | . . . 5 67 243 211 Time Decay 1620 | 10 . 173 429 356 382 270 Lost Part 507 | . . 10 20 220 97 160 Squads Dispatched 17 | . . 1 2 5 4 5 Investigation 4 | . . 1 1 1 . 1 Extermination 3 | . . . . . 2 1 Reinforcement 10 | . . . 1 4 2 3 Assault . | . . . . . . . Garrison . | . . . . . . . Intercept . | . . . . . . . Searches Triggered . | . . . . . . . Construction Impeded 3 | . . . . 2 . 1 Haulers Reinforced 1 | . . . . . . 1 Active Scanning Responses . | . . . . . . . Cargo Convoy Interrupts . | . . . . . . . Stealth | -11 -10 -10 -9 -8 -7 -7 --------- Run | Yrd Mat Min Mat Mat Fac Sto Distress Signals 8 | . . . 2 4 2 . Communications Jammed . | . . . . . . . Distress Signals . | . . . . . . . Times Spotted 146 | . 4 9 33 49 31 20 Peak Tracking Total 8 | . 4 2 5 7 8 4 Tactical Retreats 10 | . . 2 2 4 2 . Traps | -11 -10 -10 -9 -8 -7 -7 ------- Run | Yrd Mat Min Mat Mat Fac Sto Traps Triggered 11 | . . . 5 3 1 2 Indirectly . | . . . . . . . Trap Hack Attempts . | . . . . . . . Triggered . | . . . . . . . Disarmed . | . . . . . . . Reprogrammed . | . . . . . . . Reused . | . . . . . . . Traps Extracted . | . . . . . . . Installed . | . . . . . . . Triggered . | . . . . . . . Machines | -11 -10 -10 -9 -8 -7 -7 ---------- Run | Yrd Mat Min Mat Mat Fac Sto Machines Disabled 11 | . . . 1 2 4 4 Max in Single Turn 2 | . . . 1 2 2 1 Machines Repaired . | . . . . . . . Machines Dismantled . | . . . . . . . Machines Sabotaged . | . . . . . . . Overloaded Fab Kills . | . . . . . . . Hacking | -11 -10 -10 -9 -8 -7 -7 --------- Run | Yrd Mat Min Mat Mat Fac Sto Machines Accessed 6 | . . 1 1 2 2 . Terminals 5 | . . . 1 2 2 . Fabricators . | . . . . . . . Repair Stations . | . . . . . . . Recycling Units . | . . . . . . . Scanalyzers . | . . . . . . . Garrison Access . | . . . . . . . Total Hacks 11 | . . 1 4 4 2 . Successful 3 | . . 1 1 1 . . Failed 8 | . . . 3 3 2 . Catastrophic 4 | . . . 2 . 2 . Database Lockouts . | . . . . . . . Manual 9 | . . . 3 4 2 . Terminals 10 | . . . 4 4 2 . Fabricators . | . . . . . . . Repair Stations . | . . . . . . . Recycling Units . | . . . . . . . Scanalyzers . | . . . . . . . Garrison Access . | . . . . . . . Terminal Hacks 3 | . . 1 1 1 . . Prototype ID Bank 1 | . . . 1 . . . Open Door 1 | . . 1 . . . . Recall Reinforcements 1 | . . . . 1 . . Fabricator Hacks . | . . . . . . . Repair Station Hacks . | . . . . . . . Recycling Unit Hacks . | . . . . . . . Scanalyzer . | . . . . . . . Garrison Access Hacks . | . . . . . . . Unauthorized Hacks . | . . . . . . . Terminals . | . . . . . . . Fabricators . | . . . . . . . Repair Stations . | . . . . . . . Recycling Units . | . . . . . . . Scanalyzers . | . . . . . . . Garrison Access . | . . . . . . . Data Cores Recovered 2 | . . . 2 . . . Used . | . . . . . . . Hacking Detections 5 | . . . 1 2 2 . Full Trace Events . | . . . . . . . Feedback Events . | . . . . . . . Feedback Blocked . | . . . . . . . Robot Schematics Acquired . | . . . . . . . Robots Built . | . . . . . . . Authchips . | . . . . . . . Time . | . . . . . . . Total Robot Build Rating . | . . . . . . . Part Schematics Acquired . | . . . . . . . Parts Built . | . . . . . . . Authchips . | . . . . . . . Time . | . . . . . . . Total Part Build Rating . | . . . . . . . Parts Repaired . | . . . . . . . Time . | . . . . . . . Parts Recycled . | . . . . . . . Recycled Matter . | . . . . . . . Retrieved Matter . | . . . . . . . Retrieved Components . | . . . . . . . Parts Scanalyzed . | . . . . . . . Part Schematics Acquired . | . . . . . . . Parts Damaged . | . . . . . . . Bothacking | -11 -10 -10 -9 -8 -7 -7 ------------ Run | Yrd Mat Min Mat Mat Fac Sto Used RIF Installer . | . . . . . . . Robots Hacked . | . . . . . . . Non-combat . | . . . . . . . Combat . | . . . . . . . Robot Hacks Applied . | . . . . . . . Relay Couplers Released . | . . . . . . . Fabnet Peak Effective % . | . . . . . . . Robots Rewired . | . . . . . . . Allies Hacked . | . . . . . . . Hacks Repelled . | . . . . . . . Allies | -11 -10 -10 -9 -8 -7 -7 -------- Run | Yrd Mat Min Mat Mat Fac Sto Total Allies . | . . . . . . . Largest Group . | . . . . . . . Highest-Rated Group . | . . . . . . . Highest-Rated Ally . | . . . . . . . Total Orders . | . . . . . . . Ally Attacks . | . . . . . . . Total Damage . | . . . . . . . Kills . | . . . . . . . Allies Corrupted . | . . . . . . . Allies Melted . | . . . . . . . Intel | -11 -10 -10 -9 -8 -7 -7 ------- Run | Yrd Mat Min Mat Mat Fac Sto Active Infowar (turns) 1244 | 18 44 413 519 . . 250 Terrain 994 | 18 44 413 519 . . . Jamming 250 | . . . . . . 250 Robot Analysis Total . | . . . . . . . Derelict Logs Recovered 3 | . . 3 . . . . Drone Launches . | . . . . . . . Drone Recoveries . | . . . . . . . Exploration | -11 -10 -10 -9 -8 -7 -7 ------------- Run | Yrd Mat Min Mat Mat Fac Sto Turns Passed 4615 | 101 44 413 1516 817 1129 595 Spaces Moved 2551 | 49 28 211 815 331 876 241 Core 9 | 9 . . . . . . Treads 1419 | 36 28 211 815 246 . 83 Legs 95 | . . . . . . 95 Wheels 1028 | 4 . . . 85 876 63 Hover . | . . . . . . . Flight . | . . . . . . . Fastest Speed 50 | 50 160 160 160 95 86 90 Average Speed 137 | 133 160 160 160 143 99 173 Slowest Speed 240 | 160 160 160 240 225 115 240 Overloaded Moves . | . . . . . . . Propulsion Burnouts . | . . . . . . . Robots Hopped . | . . . . . . . Potential Cave-ins . | . . . . . . . Cave-ins Triggered . | . . . . . . . Exploration Rate (%) 37 | 4 8 51 75 40 29 53 Regions Visited 6 Branch Regions 2 Pre-discovered Areas 1 | . . 1 . . . . Known Exits Taken . | . . . . . . . Unknown Exits Taken 6 | 1 1 1 1 1 1 . Scrap Searched 1 | . . 1 . . . . Spaces Dug . | . . . . . . . Terrain Destroyed 130 | . . . 6 50 31 43 Melee . | . . . . . . . Projectile 20 | . . . . . . 20 AOE 110 | . . . 6 50 31 23 Terrain Rammed . | . . . . . . . Walls Destroyed . | . . . . . . . Machines Disabled . | . . . . . . . Actions | -11 -10 -10 -9 -8 -7 -7 --------- Run | Yrd Mat Min Mat Mat Fac Sto Total 3111 | 68 27 249 936 506 1008 317 Wait 66 | . . 2 26 28 10 . Move 2546 | 49 27 210 814 330 875 241 Hop . | . . . . . . . Pick Up 52 | 3 . 8 12 7 18 4 Fast Attach 55 | 8 . 1 11 12 12 11 Attach 36 | . . 1 4 16 10 5 Detach 17 | 1 . 1 1 4 6 4 Swap 9 | . . . 7 2 . . Drop 31 | . . 4 11 2 11 3 Fire 289 | 7 . 20 47 100 66 49 Melee 4 | . . . . 4 . . Ram 1 | . . . . 1 . . Kick . | . . . . . . . Crush 5 | . . 2 3 . . . Escape Stasis . | . . . . . . . Rewire . | . . . . . . . Trap . | . . . . . . . Miscellaneous . | . . . . . . . Route ------- -11/Scrapyard -10/Materials -10/Mines -9/Materials (discovered 4 exits: *Mat x2 / *Min x2) -8/Materials -7/Factory -7/Storage History --------- Turn | Location | Event 13 | -11/Scrapyard | Discovered new exit (range 16) 102 | -11/Scrapyard | Entered Materials 118 | -10/Materials | Discovered new exit (range 15) 146 | -10/Materials | Entered Mines 218 | -10/Mines | Learned Materials security intel 316 | -10/Mines | Build established: Mutant 397 | -10/Mines | Met a Derelict shopkeep closing up shop 398 | -10/Mines | Learned location of Storage (-7) 486 | -10/Mines | Assembled infested the area 491 | -10/Mines | Assisted by a Guerilla fighting off Assembled 541 | -10/Mines | Discovered new exit (range 15) 559 | -10/Mines | Entered Materials 559 | -9/Materials | Evolved 2 slots: Utility x2 560 | -9/Materials | Identified exit to Mines 1002 | -9/Materials | Build established: Scavenger-Mutant 1173 | -9/Materials | Discovered new exit (range 4) 1480 | -9/Materials | Build established: Hacker-Mutant 1745 | -9/Materials | Discovered new exit (range 8) 1852 | -9/Materials | Destroyed 7 combat bots 2075 | -9/Materials | Entered another Materials area 2075 | -8/Materials | Evolved 2 slots: Utility x2 2473 | -8/Materials | Lost 4 parts (2u2w) 2518 | -8/Materials | Core integrity fell below 50% 2640 | -8/Materials | Lost 4 parts (1n2u1w) 2879 | -8/Materials | Lost 7 parts (2n2u3w) 2889 | -8/Materials | Discovered new exit (range 4) 2892 | -8/Materials | Entered Factory 2892 | -7/Factory | Evolved 2 slots: Propulsion x1, Utility x1 3389 | -7/Factory | Discovered new exit (range 16) 3572 | -7/Factory | Build established: Mutant 3774 | -7/Factory | Lost 3 parts (1p2u) 3888 | -7/Factory | Lost 4 parts (2n1u1w) 4021 | -7/Factory | Entered Storage 4083 | -7/Storage | Core integrity fell below 50% 4123 | -7/Storage | Lost 6 parts (2n3u1w) 4132 | -7/Storage | System corruption reached 10% 4338 | -7/Storage | Lost 4 parts (1p1n2u) 4569 | -7/Storage | Core integrity fell below 20% 4606 | -7/Storage | Lost 3 parts (1n2u) 4616 | -7/Storage | Destroyed by G-47 Trooper with Particle Gun Last Messages --------------- 04603_ U-05 Engineer lays Concrete. 04606_ K-01 Serf collects debris. 04607_ U-05 Engineer lays Concrete. 04607_ G-47 Trooper knocked back. 04608_ U-05 Engineer lays Concrete. 04609_ The unstable cave ceiling collapses. 04609_ U-05 Engineer builds a Wall. 04609_ U-05 Engineer lays Concrete. 04610_ K-01 Serf collects debris. 04610_ G-47 Trooper knocked back. 04611_ U-05 Engineer builds a Wall. 04611_ U-05 Engineer lays Concrete. 04612_ Wheel destroyed. 04613_ The unstable cave ceiling collapses. 04614_ System corrupted: Matter fused (-9). 04614_ U-05 Engineer lays Concrete. 04614_ Coolant Injector destroyed. 04615_ U-05 Engineer lays Concrete. 04615_ K-01 Serf collects debris. 04616_ U-05 Engineer lays Concrete. Map ----- +----------------------------------------------------+ | | | | | | | | | | | | | | | | | | | | | | | | | | | | | | | | | | | | | | | | | ?????????????????########### # ##??????????? | | ???????????????### #?????????# | | ???????????????#"" """"" * #?????????# | | ???????????????#"T ""T"" u #?????????# | | ???????????????#"" / Y#????????# | | ???????????????### """@ % #?????????# | | ?????????????????# """ #?????????# | | ????????????????## """gg #????????## | | ????????????????# #??????""" | | ??????????????"#### ;# ##k########?? """" | | ??????????????" u ??# """" | | ??????????????" g ??/ """" | | ??????????????"#T##= % ########???? | | ??????????########## ##########???? | | ??????????# % u% ## #??????? | | ??????????# #[ ## #?????????# | | ??????????# "" % # + ########??# | | ??????????# "% "| # "" ## ########### | | ??????????# "!]" #""" ## #% [= !! % | | ??????????# " ="[=#"T ## ] %%+ * %= [ | | ??????????# "][" %#""" ## [ %# [ | | ??????????# """" # "" ## ] " ######## | | ??????????# # # # ####???# | | ??????????####+##### # # +??????? | | ?????????????# #???# ### + [# ##??????? | | ?????????????# #???# #?# ######### #???????? | | ?????##??????# #??##+####+######????#/#???????? | | ?????# ""????# #??# #???? ???????? | | ?????#""R"???# #??# #???? ???????? | | ?????#"" "#??# #??# #???? ???????? | +----------------------------------------------------+ Best States ------------- Heat Dissipation 62 Coolant Potential 130 Energy Generation 14 Energy Capacity 275 Matter Stores 300 Matter Capacity 300 Sight Range 16 Terrain Scan Range 16 Terrain Scan Density 10 Jamming Range 12 Armor Coverage 300 Propulsion Shielding 33 Evasion (%) 55 Targeting Accuracy 8 Recoil Reduction 2 Offensive Hacking 30 Item Schematics ----------------- None Robot Schematics ------------------ None Fabricated ------------ Nothing Repaired ---------- Nothing Alien Tech Used ----------------- None Achievements -------------- None Challenges ------------ None Game ------ Seed MobilePowerDoublenader Manual? 0 Play Time 00:35:29 Cumulative 103.5 hours Start 2025.05.30 @ 23:28:47 End 2025.05.31 @ 00:04:02 Sessions 1 Manual Loads 0 Difficulty Rogue Special Mode None Game No. 201 Rogue 201 Adventurer 0 Explorer 0 Win Type - Total 0 Types 0/0/0/0/0/0/0/0/0/0 Lore% 26 Gallery% 44 Achievement% 34 Wizard Run 0 Options --------- Layout 1 ASCII 0 Keyboard 1 Movement Arrows Keybinds 0 Fullscreen 2 Font 24/Smallcaps Map View 50x35 Zoom Use 0% Tactical HUD 1 Map Filters NONE Filters NONE Steam 1 RUN: ecf076c6-6175-423b-b679-166896db036b